 Dungeon Crawl Stone Soup version 0.19.3-4-gbf9329e (webtiles) character file.

216 ChocoTaco the Cutter (level 5, -1/41 HPs)
             Began as a Demonspawn Monk on Jan 28, 2017.
             Was a Believer of Ashenzari.
             Slain by a gnoll
             ... wielding a +0 halberd
              (7 damage)
             ... on level 4 of the Dungeon.
             The game lasted 00:05:16 (3708 turns).

ChocoTaco the Cutter (Demonspawn Monk)              Turns: 3708, Time: 00:05:16

Health: -1/41      AC:  5    Str: 11    XL:     5   Next: 61%
Magic:  14/14      EV: 18    Int: 12    God:    Ashenzari [**....]
Gold:   198        SH:  4    Dex: 21    Spells: 1 memorised, 2 levels left

rFire  . . .     SeeInvis .     a - +0 short sword
rCold  . . .     Gourm    .     b - +0 robe
rNeg   . . .     Faith    .     o - +0 buckler
rPois  .         Spirit   .     (no helmet)
rElec  .         Reflect  .     (no cloak)
rCorr  .         Harm     .     (no gloves)
MR     .....                    (no boots)
Stlth  ++++......               (no amulet)
                                (no ring)
                                p - ring of magical power (curse)

@: agile
A: slimy green scales 2, nightstalker 1
a: Curse Item, Scrying, Renounce Religion


You were on level 4 of the Dungeon.
You worshipped Ashenzari.
Ashenzari was pleased with you.
You were not hungry.

You visited 1 branch of the dungeon, and saw 4 of its levels.

You collected 198 gold pieces.

Inventory:

Hand Weapons
 a - a +0 short sword (weapon)
 t - a +0 blowgun
Missiles
 u - 18 poisoned needles
Armour
 b - a +0 robe (worn)
 o - a +0 buckler (worn)
Jewellery
 p - a cursed ring of magical power (left hand)
 x - an uncursed amulet of guardian spirit
Scrolls
 e - 6 scrolls of identify {unknown}
 h - a scroll of enchant weapon {unknown}
 j - a scroll of remove curse
 k - a scroll of recharging {unknown}
 l - 2 scrolls of random uselessness {unknown}
 n - 4 scrolls of noise {unknown}
 s - a scroll of enchant armour {unknown}
 w - a scroll of amnesia {unknown}
 y - a scroll of fear {unknown}
 A - a scroll of teleportation {unknown}
Potions
 g - a potion of agility
 i - 2 potions of berserk rage {unknown}
 m - a potion of lignification {unknown}
 v - 2 potions of cancellation {unknown}
 z - a potion of degeneration {unknown}
Books
 f - a book of Air

   Spells                             Type                      Level
   a - Shock                          Conjuration/Air              1
   b - Swiftness                      Charms/Air                   2
   c - Repel Missiles                 Charms/Air                   2
   d - Static Discharge               Conjuration/Air              3
   e - Lightning Bolt                 Conjuration/Air              5
Comestibles
 c - 2 bread rations
 d - 7 chunks of flesh
 q - 4 fruits
 r - 2 meat rations


   Skills:
 - Level 3.0 Fighting
 - Level 5.2 Short Blades
 - Level 2.6 Dodging
 - Level 1.7 Stealth
 + Level 1.5 Charms
 + Level 1.3 Air Magic


You had 2 spell levels left.
You knew the following spells:

 Your Spells              Type           Power        Failure   Level  Hunger
a - Repel Missiles        Chrm/Air       #.....       58%         2    ###....


Dungeon Overview and Level Annotations

Branches:
Dungeon (4/15)
 Temple: D:4-7

Altars:
Ashenzari
Dithmenos
Elyvilon
Qazlal
Uskayaw
Xom


Innate Abilities, Weirdness & Mutations

You are mostly covered in slimy green scales. (AC +3)
You are slightly more attuned to the shadows.


Message History

You hit the gnoll.
The gnoll is almost dead.
The gnoll completely misses you. The gnoll hits you with a club.
* * * LOW HITPOINT WARNING * * *
You hit the gnoll but do no damage.
The gnoll is almost dead.
The gnoll completely misses you. The gnoll closely misses you.
You hit the gnoll.
The gnoll is almost dead.
The gnoll closely misses you. x2
You hit the gnoll.
You kill the gnoll!
You hit the adder.
The adder is lightly wounded.
The gnoll misses you. The adder misses you.
You hit the adder.
The adder is moderately wounded.
The adder barely misses you.
The gnoll hits you from afar with a halberd!
You die...

*#.# * , ,, * #.# ** #. #.#
#. #. #.# ##' #. ##.## ##.. ,
##.* ##.#.## ##... ,
##..##### #.###.## ##.... ,
###...#...#####.#...####..>..
.........gS@...........'.....
,
###.#....g######....####.....
, * #...##### #.#.## ##.... *
##.# #.### ##... #. ...* ##..
#. ##.# ##' # *, #. * ,* #. *
##.


You could see 2 gnolls and an adder.

Vanquished Creatures
  A bullfrog skeleton (D:4)
  An orc wizard (D:4)
  A worker ant (D:4)
  A gnoll (D:4)
  A howler monkey skeleton (D:4)
  3 adders
  2 oozes
  A worm (D:3)
  3 leopard geckos
  8 orcs
  11 bats
  4 giant cockroaches
  4 goblins
  4 hobgoblins
  9 jackals
  7 kobolds
  A quokka (D:3)
  3 frilled lizards (D:3)
  9 rats
74 creatures vanquished.

Notes
Turn   | Place    | Note
-------+----------+-------------------------------------------
     0 | D:1      | ChocoTaco the Demonspawn Monk began the quest for the Orb.
     0 | D:1      | Reached XP level 1. HP: 18/18 MP: 1/1
    14 | D:1      | Reached skill level 3 in Short Blades
   208 | D:1      | Gained mutation: You are partially covered in slimy green scales. (AC +2) [demonic ancestry]
   208 | D:1      | Reached XP level 2. HP: 24/24 MP: 2/2
   647 | D:1      | Found a shimmering altar of Xom.
   649 | D:1      | Found a glowing silver altar of Zin.
   649 | D:1      | Found a stormy altar of Qazlal.
   651 | D:1      | Found a hide-covered altar of Uskayaw.
   651 | D:1      | Found a shadowy altar of Dithmenos.
   651 | D:1      | Found a white marble altar of Elyvilon.
   762 | D:2      | Gained mutation: You are mostly covered in slimy green scales. (AC +3) [demonic ancestry]
   762 | D:2      | Reached XP level 3. HP: 26/29 MP: 3/3
  1248 | D:2      | Reached skill level 4 in Short Blades
  1376 | D:2      | You fall through a shaft!
  1866 | D:2      | Reached XP level 4. HP: 35/35 MP: 4/4
  2820 | D:3      | Found a shattered altar of Ashenzari.
  2920 | D:4      | Reached skill level 5 in Short Blades
  2997 | D:3      | Became a worshipper of Ashenzari the Shackled
  2997 | D:3      | Reached * piety under Ashenzari
  2997 | D:3      | Reached ** piety under Ashenzari
  3168 | D:4      | Gained mutation: You are slightly more attuned to the shadows. [demonic ancestry]
  3168 | D:4      | Reached XP level 5. HP: 38/41 MP: 5/5
  3172 | D:4      | Learned a level 2 spell: Repel Missiles
  3314 | D:4      | HP: 1/41 [orc wizard/magic dart (5)]
  3334 | D:4      | Reached skill level 1 in Charms
  3344 | D:4      | Reached skill level 1 in Air Magic
  3708 | D:4      | Slain by a gnoll

Skill      XL: |  1  2  3  4  5 |
---------------+----------------+-----
Short Blades   | 3 4 5 |  5.2
Charms         | 1 |  1.5
Air Magic      | 1 |  1.3
Fighting       | |  3.0
Dodging        | |  2.6
Stealth        | |  1.7

Action                   |  1- 3 |  4- 6 || total
-------------------------+-------+-------++-------
Melee: Short sword       |   141 |   153 ||   294
Invok: Curse Item        |       |     1 ||     1
  Use: Potion            |       |     4 ||     4
 Stab: Sleeping          |    12 |     2 ||    14
       Distracted        |       |     1 ||     1
  Eat: Chunk             |     3 |     6 ||     9
Armor: Robe              |    46 |    31 ||    77
Dodge: Dodged            |   119 |   115 ||   234
Block: Buckler           |       |     7 ||     7
